 Dungeon Crawl Stone Soup version 0.29-a0-322-g68df515428 (webtiles) character file.

Game seed: 13091923023422734128

3850 funkygono the Thaumaturge (level 10, -2/51 HPs)
             Began as a Gargoyle Fire Elementalist on Apr 7, 2022.
             Was a Believer of Vehumet.
             Slain by a two-headed ogre
             ... wielding a +0 giant club
              (12 damage)
             ... on level 8 of the Dungeon.
             The game lasted 00:12:46 (8201 turns).

funkygono the Thaumaturge (GrFE)                    Turns: 8201, Time: 00:12:48

Health: -2/51      AC: 11    Str: 14    XL:     10   Next: 18%
Magic:  21/32      EV: 12    Int: 24    God:    Vehumet [**....]
Gold:   624        SH:  0    Dex: 10    Spells: 16/27 levels left

rFire   . . .      SeeInvis .   w - +2 mace (protect)
rCold   . . .      Faith    .   (no shield)
rNeg    + . .      Spirit   .   a - +0 robe
rPois   ∞          Reflect  .   (no helmet)
rElec   +          Harm     .   r - +0 cloak
rCorr   .          Rampage  .   (no gloves)
Will    .....                   v - +0 pair of boots
Stlth   ++........              h - amulet of regeneration
HPRegen 0.97/turn               i - ring of magical power
MPRegen 0.23/turn               j - +6 ring of intelligence

@: no status effects
A: sickness immunity, AC +7, negative energy resistance 1, electricity
resistance, torment resistance 1, petrification resistance
a: Renounce Religion


You were on level 8 of the Dungeon.
You worshipped Vehumet.
Vehumet was pleased with you.
You visited 2 branches of the dungeon, and saw 10 of its levels.

You collected 624 gold pieces.

Inventory:

Hand Weapons
 d - a +0 whip
 g - a +1 mace of protection
 q - a +4 quarterstaff of chaos
 w - a +2 mace of protection (weapon)
 y - a +2 mace
 E - a +2 spectral quarterstaff
Missiles
 c - 310 stones
Armour
 a - a +0 robe (worn)
 r - a +0 cloak (worn)
 v - a +0 pair of boots (worn)
Jewellery
 h - an amulet of regeneration (around neck)
 i - a ring of magical power (left hand)
 j - a +6 ring of intelligence (right hand)
 k - a +6 ring of dexterity
 z - an amulet of faith
 A - an amulet of magic regeneration
Wands
 D - a wand of digging (3)
 H - a wand of iceblast (1)
Scrolls
 F - a scroll of enchant armour {unknown}
 G - a scroll of noise {unknown}
Potions
 b - a potion of magic
 e - a potion of attraction {unknown}
 f - 4 potions of berserk rage
 l - 5 potions of heal wounds
 m - 2 potions of curing
 n - a potion of lignification
 o - 3 potions of might
 p - 3 potions of invisibility
 s - a potion of mutation {unknown}
 t - a potion of resistance {unknown}
 u - a potion of brilliance {unknown}
 x - a potion of experience {unknown}
 B - 2 potions of cancellation
 C - a potion of degeneration {unknown}


   Skills:
 + Level 0.8 Fighting
 + Level 2.0 Dodging
 - Level 2.1 Stealth
 * Level 9.1 Spellcasting
 * Level 6.8 Conjurations
 + Level 8.4 Fire Magic
 * Level 3.2 Earth Magic


You had 16 spell levels left.
You knew the following spells:

 Your Spells              Type           Power      Damage    Failure   Level
a - Foxfire               Conj/Fire      100%       2x1d9     1%          1
b - Scorch                Fire           100%       2d10      1%          2
c - Conjure Flame         Conj/Fire      47%        6-21      1%          3
d - Flame Wave            Conj/Fire      47%        2d10      2%          4
e - Sandblast             Erth           52%        2d12      1%          1

Your spell library contained the following spells:

 Spells                   Type           Power      Damage    Failure   Level
 Freeze                   Ice            40%        1d6       6%          1
 Magic Dart               Conj           100%       1d8       1%          1
 Inner Flame              Hex/Fire       31%        N/A       3%          3
 Mephitic Cloud           Conj/Pois/Air  22%        N/A       7%          3
 Call Imp                 Summ           10%        N/A       9%          2
 Corpse Rot               Necr/Air       20%        N/A       9%          2
 Poisonous Vapours        Pois/Air       20%        N/A       9%          2
 Confusing Touch          Hex            10%        N/A       17%         3
 Summon Ice Beast         Ice/Summ       10%        N/A       50%         4
 Summon Mana Viper        Hex/Summ       10%        N/A       85%         5
 Yara's Violent Unravell  Hex/Tmut       5%         3d4       85%         5
 Enfeeble                 Hex            5%         N/A       100%        7
 Monstrous Menagerie      Summ           5%         N/A       100%        7


Dungeon Overview and Level Annotations

Branches:
Dungeon (9/15)             Temple (1/1) D:5            Lair (0/6) D:9
    Orc: D:9-12

Altars:
Ashenzari
Cheibriados
Dithmenos
Fedhas
Gozag
Hepliaklqana
Makhleb
Okawaru
Qazlal
Sif Muna
Trog
Uskayaw
Vehumet
Wu Jian
Xom
Yredelemnul
Zin

Annotations:
D:8 1 runed translucent door, Gnu's ghost, novice MiFi


Innate Abilities, Weirdness & Mutations

You are immune to sickness and miasma.
Your stone body is resilient. (AC +7)
You are immune to poison.
You resist negative energy. (rN+)
You are resistant to electric shocks. (rElec)
You are resistant to unholy torment.
You are immune to petrification.


Message History

The foxfire hits the two-headed ogre.
The two-headed ogre is lightly wounded.
Casting: Foxfire (safe; 1% risk of failure)
Confirm with . or Enter, or press ? or * to list all spells.
Flames lash the two-headed ogre.
The two-headed ogre is moderately wounded.
The two-headed ogre's fire resistance burns away.
The two-headed ogre barely misses you.
The two-headed ogre hits you with a +0 giant club!
Casting: Scorch (safe; 1% risk of failure)
Confirm with . or Enter, or press ? or * to list all spells.
You conjure some foxfire!
Casting: Foxfire (safe; 1% risk of failure)
Confirm with . or Enter, or press ? or * to list all spells.
Flames lash the two-headed ogre.
The two-headed ogre is burned terribly!
The two-headed ogre is moderately wounded.
The foxfire hits the two-headed ogre but does no damage.
The two-headed ogre is moderately wounded.
The foxfire hits the two-headed ogre!
The two-headed ogre is burned terribly!
The two-headed ogre is heavily wounded.
The two-headed ogre closely misses you. The two-headed ogre barely misses you.
Casting: Scorch (safe; 1% risk of failure)
Confirm with . or Enter, or press ? or * to list all spells.
You conjure some foxfire!
The two-headed ogre closely misses you. x2
Casting: Foxfire (safe; 1% risk of failure)
Confirm with . or Enter, or press ? or * to list all spells.
Flames lash the two-headed ogre.
The two-headed ogre is burned terribly!
The two-headed ogre is severely wounded.
The foxfire hits the two-headed ogre.
The two-headed ogre is burned terribly!
The two-headed ogre is severely wounded.
The foxfire hits the two-headed ogre.
The two-headed ogre is severely wounded.
Casting: Scorch (safe; 1% risk of failure)
Confirm with . or Enter, or press ? or * to list all spells.
You conjure some foxfire!
The two-headed ogre hits you with a +0 giant club!!!
Ouch! That really hurt!
* * * LOW HITPOINT WARNING * * *
The two-headed ogre hits you with a +0 giant club!
You die...

###)#.#.#####.
##...#...# #
##...###..#
..#.....##..####
#.......#.....#
###........### #
P.#........# .##
#8$+.....v.###...#.#
#PW#....@O..........
####....v#####...###
##...## .## ......
.# #.##### # #


You could see a two-headed ogre (combustible, ally target) and Gnu's ghost.

Vanquished Creatures
  Joseph (D:7)
  A shadow (D:9)
  3 water moccasins
  A black bear (D:7)
  3 orc warriors (D:7)
  5 sky beasts
  2 ogres
  A centaur (D:8)
  2 phantoms
  A kobold brigand (D:7)
  2 bullfrogs (D:6)
  3 scorpions
  5 wights
  7 killer bees (D:9)
  3 electric eels
  3 hounds
  3 jellies
  3 orc priests
  Crazy Yiuf (D:3)
  Natasha (thrice) (D:2)
  4 iguanas
  3 orc wizards
  3 gnolls (D:2)
  13 adders
  A shadow imp (D:6)
  2 white imps (D:7)
  8 worms
  2 dart slugs
  15 orcs
  5 endoplasms (D:1)
  4 giant cockroaches
  6 goblins
  6 hobgoblins
  16 kobolds
  6 quokkas
  3 ball pythons
  2 bats
  A frilled lizard (D:1)
  2 rats
155 creatures vanquished.

Vanquished Creatures (collateral kills)
  2 foxfires (D:6)
2 creatures vanquished.

Vanquished Creatures (others)
  An orc wizard (D:7)
  608 foxfires
  2 fungi (D:6)
  11 plants (D:6)
  5 toadstools (D:6)
627 creatures vanquished.

Grand Total: 784 creatures vanquished

Notes
Turn   | Place    | Note
-------+----------+-------------------------------------------
     0 | D:1      | funkygono the Gargoyle Fire Elementalist began the quest
                  | for the Orb.
     0 | D:1      | Reached XP level 1. HP: 10/10 MP: 3/3
   328 | D:1      | Reached XP level 2. HP: 7/15 MP: 1/5
   331 | D:1      | Learned a level 2 spell: Scorch
   949 | D:1      | Found a faded altar of an unknown god.
  1160 | D:2      | Reached XP level 3. HP: 19/19 MP: 1/6
  1579 | D:2      | Reached XP level 4. HP: 19/24 MP: 8/8
  1586 | D:2      | Reached skill level 3 in Spellcasting
  1861 | D:2      | Found a snail-covered altar of Cheibriados.
  2115 | D:2      | Noticed Natasha
  2117 | D:2      | Killed Natasha
  2118 | D:2      | Reached XP level 5. HP: 28/28 MP: 10/10
  2158 | D:2      | Learned a level 3 spell: Conjure Flame
  2163 | D:2      | Learned a level 4 spell: Flame Wave
  2266 | D:2      | Noticed Natasha
  2274 | D:2      | Killed Natasha
  2741 | D:2      | Noticed Natasha
  2749 | D:2      | Killed Natasha
  2817 | D:3      | Noticed an ogre
  2824 | D:3      | Killed an ogre
  2825 | D:3      | Reached skill level 4 in Spellcasting
  2825 | D:3      | Reached XP level 6. HP: 32/32 MP: 12/12
  3622 | D:3      | Found a burning altar of Makhleb.
  3623 | D:3      | Found a bloodstained altar of Trog.
  3703 | D:3      | Found a runed translucent door.
  3704 | D:3      | Noticed Crazy Yiuf
  3710 | D:3      | Killed Crazy Yiuf
  4559 | D:4      | Reached skill level 5 in Fire Magic
  4559 | D:4      | Reached XP level 7. HP: 36/36 MP: 14/14
  4899 | D:5      | Entered Level 5 of the Dungeon
  4982 | D:5      | Reached skill level 5 in Spellcasting
  5217 | D:5      | Found a staircase to the Ecumenical Temple.
  5249 | Temple   | Entered the Ecumenical Temple
  5287 | Temple   | Became a worshipper of Vehumet
  5439 | D:5      | Found a snail-covered altar of Cheibriados.
  5698 | D:5      | Reached XP level 8. HP: 41/41 MP: 16/16
  5948 | D:6      | Reached skill level 6 in Spellcasting
  6204 | D:6      | Reached skill level 5 in Conjurations
  6414 | D:6      | Reached skill level 7 in Spellcasting
  6414 | D:6      | Reached XP level 9. HP: 45/45 MP: 19/19
  6694 | D:6      | Reached * piety under Vehumet
  6694 | D:6      | Offered knowledge of Sandblast by Vehumet.
  6697 | D:6      | Learned a level 1 spell: Sandblast
  7024 | D:7      | Reached skill level 1 in Earth Magic
  7246 | D:7      | Reached skill level 8 in Spellcasting
  7452 | D:7      | Noticed Joseph
  7549 | D:7      | Killed Joseph
  7694 | D:7      | Reached ** piety under Vehumet
  7694 | D:7      | Offered knowledge of Freeze by Vehumet.
  7817 | D:7      | You fall into a shaft and drop 2 floors!
  7817 | D:9      | Found a hide-covered altar of Uskayaw.
  7828 | D:9      | Reached XP level 10. HP: 33/51 MP: 22/22
  7911 | D:9      | Found a staircase to the Lair.
  7933 | D:9      | Reached skill level 9 in Spellcasting
  8172 | D:8      | Found a runed translucent door.
  8172 | D:8      | Noticed Gnu's ghost (novice MiFi)
  8184 | D:8      | Noticed a two-headed ogre
  8201 | D:8      | Slain by a two-headed ogre

Illustrated notes

Levels and vault maps discovered:
D:1:      tarquinn_simple_flora_water_d, layout_basic,
          chequers_ecumenical_altar_twisty
D:2:      layout_basic, basic_altar, uniq_natasha
D:3:      layout_basic, minitemple, uniq_crazy_yiuf_cottage
D:4:      layout_loops_corners
D:5:      layout_cave_pools, lemuel_doored_altar, minmay_temple_entry_ruins,
          nicolae_wormholes
D:6:      layout_loops_cross, serial_bayou, serial_bayou_ford_a,
          serial_bayou_shore_a, serial_bayou_pond_d, serial_bayou_pond_d,
          minmay_gold_behind_fungi, minmay_starry_boxes
D:7:      layout_rooms, st_stairs_13, uniq_joseph
D:8:      layout_loops_ring, nemelex_spade_bored_becter, gammafunk_ghost_grave,
          serial_shops, shop, shop, nicolae_square_shop,
          kennysheep_cross_bottleneck, chequers_serial_rivers_large_a,
          minivault_14
D:9:      layout_basic, overflow_temple_1_default, mainiacjoe_overflow_brackets,
          kennysheep_generic_room_8
Temple:   dshaligram_water_room_temple

Skill      XL: |  1  2  3  4  5  6  7  8  9 10 |
---------------+-------------------------------+-----
Conjurations   | 2 3 4 5 6 |  6.8
Spellcasting   | 3 4 5 7 8 9 |  9.1
Fire Magic     | 4 5 6 7 8 |  8.4
Earth Magic    | 2 3 |  3.2
Dodging        | 2 |  2.0
Fighting       | |  0.8
Stealth        | |  2.1

Action                   |  1- 3 |  4- 6 |  7- 9 | 10-12 || total
-------------------------+-------+-------+-------+-------++-------
Melee: Whip              |     4 |       |       |       ||     4
       Mace              |     7 |       |       |       ||     7
 Cast: Foxfire           |    55 |    73 |   191 |    42 ||   361
       Scorch            |     3 |    37 |    39 |     5 ||    84
       Flame Wave        |       |       |     5 |       ||     5
  Use: Scroll            |       |     5 |     8 |       ||    13
Armor: Robe              |     3 |     3 |    28 |     5 ||    39
Dodge: Dodged            |    21 |    12 |    56 |    14 ||   103

Table legend: (Time is in decaauts)
 A = Elapsed time spent in this place.
 B = Non-inter-level travel time spent in this place.
 C = Inter-level travel time spent in this place.
 D = Time resting spent in this place.
 E = Time spent auto-exploring this place.
 F = Levels seen in this place.
 G = Mean time per level.
                   A        B        C        D        E       F      G
               +--------+--------+--------+--------+--------+-----+--------+
         Total |   8222 |   7899 |    323 |    227 |   6111 |  10 |  822.2 |
       Dungeon |   8069 |   7769 |    300 |    227 |   5999 |   9 |  896.6 |
        Temple |    152 |    129 |     23 |      0 |    112 |   1 |  152.0 |
               +--------+--------+--------+--------+--------+-----+--------+

Top non-repeatable levels by time:
     D:2: 1696 daAuts
     D:6: 1249 daAuts
     D:4: 1088 daAuts
     D:1: 1083 daAuts
     D:3: 1030 daAuts
     D:5: 883 daAuts
     D:7: 653 daAuts
     D:9: 327 daAuts
  Temple: 152 daAuts
     D:8: 55 daAuts
